 Dungeon Crawl Stone Soup version 0.21-a0-221-gfe971b9 (webtiles) character file.

42 tidbits the Insei (level 3, -6/29 HPs)
             Began as a Demigod Transmuter on Aug 27, 2017.
             Killed by nerve-wracking pain
             ... invoked by an orc priest
              (12 damage)
             ... on level 4 of the Dungeon.
             The game lasted 00:07:41 (739 turns).

tidbits the Insei (Demigod Transmuter)               Turns: 739, Time: 00:07:42

Health: -6/29      AC: 12    Str: 15    XL:     3   Next: 19%
Magic:  8/8        EV: -4    Int: 17    God:
Gold:   83         SH: 11    Dex: 16    Spells: 3/6 levels left

rFire    + . .     SeeInvis .   t - +0 mace
rCold    + . .     Gourm    .   j - +0 large shield
rNeg     . . .     Faith    .   f - +0 gold dragon scales
rPois    +         Spirit   .   (no helmet)
rElec    .         Reflect  .   (no cloak)
rCorr    .         Harm     .   (no gloves)
MR       .....                  (no boots)
Stlth    ..........             (no amulet)
HPRegen  0.09/turn              (no ring)
MPRegen  0.11/turn              (no ring)

@: about to teleport, hasted, very quick
A: high mp 1
a: no special abilities


You were on level 4 of the Dungeon.
You were not hungry.

You visited 1 branch of the dungeon, and saw 4 of its levels.

You collected 83 gold pieces.

Inventory:

Hand Weapons
 i - a +0 dagger
 q - a +0 whip
 s - a +0 short sword
 t - a +0 mace (weapon)
Missiles
 a - 12 arrows
 h - 28 sling bullets
 k - 25 stones (quivered)
 v - 14 poisoned needles
Armour
 b - a +0 robe
 f - +0 gold dragon scales (worn)
 j - a +0 large shield (worn)
Scrolls
 e - a scroll of amnesia {unknown}
 g - a scroll of blinking {unknown}
 n - a scroll of enchant weapon {unknown}
 p - a scroll of identify {unknown}
 r - a scroll of teleportation
 w - a scroll of magic mapping {unknown}
Books
 c - a book of Changes

   Spells                             Type                      Level
   a - Beastly Appendage              Transmutation                1
   b - Sticks to Snakes               Transmutation                2
   c - Spider Form                    Transmutation/Poison         3
   d - Ice Form                       Ice/Transmutation            4
   e - Blade Hands                    Transmutation                5
Comestibles
 d - a bread ration
 m - a royal jelly
 u - 2 chunks of flesh


   Skills:
 + Level 1.7 Fighting
 + Level 0.5 Armour
 - Level 1.7 Dodging
 + Level 1.2 Shields
 - Level 2.9 Unarmed Combat
 - Level 2.0 Spellcasting
 - Level 1.7 Transmutations


You had 3 spell levels left.
You knew the following spells:

 Your Spells              Type           Power        Failure   Level  Hunger
e - Beastly Appendage     Tmut           #.....       100%        1    #......
k - Sticks to Snakes      Tmut           #.......     100%        2    ###....


Dungeon Overview and Level Annotations

Branches:
Dungeon (4/15)
 Temple: D:4-7


Innate Abilities, Weirdness & Mutations

You have an increased reservoir of magic. (+10% MP)


Message History

The worm is heavily wounded.
The worm bites you but does no damage.
Your gold dragon scales prevents you from hitting the worm.
The worm is moderately wounded.
The worm bites you.
You barely miss the worm.
The worm is moderately wounded.
You block the worm's attack.
Your gold dragon scales prevents you from hitting the worm.
The worm is moderately wounded.
The worm bites you but does no damage.
You hit the worm.
The worm is heavily wounded.
The worm bites you but does no damage.
You thump the worm!
You kill the worm!
There is an escape hatch in the floor here.
A leopard gecko comes into view.
The leopard gecko hisses angrily.
The leopard gecko bites you but does no damage.
Your shield and gold dragon scales prevent you from hitting the leopard gecko.
The leopard gecko bites you but does no damage.
You block the leopard gecko's attack.
You sock the leopard gecko!
You kill the leopard gecko!
There is a bloodstained altar of Trog here.
Things that are here:
a dagger; an animal skin
Found a scroll labeled WAB VAAKHI.
w - a scroll labeled WAB VAAKHI
There is an escape hatch in the floor here.
You slide downwards.
The hatch slams shut behind you.
You hear the sound of rushing water.
There is an entrance to a sewer on this level.
Hurry and find it before the portal rusts away!
You hear the brisk rusting of a very distant drain.
Found a stone staircase leading down.
An orc and 2 orc priests come into view.
An orc priest is wielding a hand axe of chopping.
The orc priest shouts!
A frilled lizard and an orc wizard come into view.
The frilled lizard hisses angrily.
The orc wizard gestures at you while chanting.
You are confused.
The orc priest mumbles some strange prayers to Beogh against you.
You barely resist.
The orc priest mumbles some strange prayers to Beogh against you.
Beogh smites you!
You bump into the rock wall.
An orc comes into view. It is wielding a flail.
It was a potion of ambrosia.
You are more confused.
You feel invigorated.
The orc shouts!
Okay, then.
Your gold dragon scales prevents you from hitting the orc priest.
The orc priest hits you but does no damage. x2
An orc comes into view. It is wielding a dagger.
An orc comes into view.
The orc shouts!
The orc priest calls down the wrath of Beogh upon you.
Beogh smites you!
You hear a shout!
Your gold dragon scales prevents you from hitting the orc priest.
You feel less invigorated. The orc hits you but does no damage.
The orc priest hits you but does no damage.
Your gold dragon scales prevents you from hitting the orc priest.
The orc hits you but does no damage.
The orc priest hits you but does no damage.
The orc priest hits you with a club.
The orc priest calls down the wrath of Beogh upon you.
Beogh smites you!
* * * LOW HITPOINT WARNING * * *
The orc hits you but does no damage.
The orc priest looks braver for a moment.
An orc comes into view.
It was a potion of haste.
You feel yourself speed up.
You feel less confused.
The orc wizard casts a spell.
The orc wizard flickers and vanishes!
Deactivating autopickup; reactivate with Ctrl-A.
The orc priest calls down the wrath of Beogh upon you.
You barely resist. You block the orc's attack.
You block the orc priest's attack.
As you read the scroll of teleportation, it crumbles to dust.
You feel strangely unstable. You block the orc priest's attack.
Your gold dragon scales prevents you from hitting the orc priest.
You block the orc's attack. You block the orc priest's attack.
Your gold dragon scales prevents you from hitting the orc priest.
The orc priest hits you but does no damage.
The orc priest hits you with a club.
* * * LOW HITPOINT WARNING * * *
You closely miss the orc priest.
You hear some strange, mumbled words.
A magic dart appears from out of thin air!
The magic dart hits you!
* * * LOW HITPOINT WARNING * * *
The frilled lizard hisses.
The orc priest mumbles some strange prayers to Beogh against you.
Pain shoots through your body!
You die...

.......
.......
....... #
..>.... #.
.......
#.#####oo....l
#....ol.#
#...oo###
#..o@o#
#.....#
#.#...# #
###.. ####


You could see 2 orc priests, 5 orcs and a frilled lizard.

Vanquished Creatures
  2 worms (D:3)
  A dart slug (D:1)
  3 leopard geckos
  2 orcs (D:3)
  3 bats (D:1)
  A goblin (D:3)
  2 hobgoblins (D:1)
  2 jackals (D:1)
  5 kobolds
  3 frilled lizards (D:1)
  7 rats
31 creatures vanquished.

Notes
Turn   | Place    | Note
-------+----------+-------------------------------------------
     0 | D:1      | tidbits the Demigod Transmuter began the quest for the Orb.
     0 | D:1      | Reached XP level 1. HP: 15/15 MP: 5/5
    13 | D:1      | Reached skill level 2 in Spellcasting
    19 | D:1      | Reached skill level 1 in Fighting
   143 | D:1      | Reached XP level 2. HP: 14/23 MP: 5/7
   147 | D:1      | Learned a level 2 spell: Sticks to Snakes
   505 | D:3      | Reached skill level 1 in Shields
   598 | D:3      | Reached XP level 3. HP: 20/29 MP: 8/8
   664 | D:3      | Found a bloodstained altar of Trog.
   739 | D:4      | Killed from afar by an orc priest

Vault maps used:
D:1:      saegor_arrival_simple_c
D:3:      bloody_trog
D:4:      temple_green, portal_sewer_entry_b, uniq_blork_the_orc

Skill      XL: |  1  2 |
---------------+-------+-----
Spellcasting   | 2 |  2.0
Fighting       | 1 |  1.7
Shields        | 1 |  1.2
Armour         | |  0.5
Dodging        | |  1.7
Unarmed Combat | |  2.9
Transmutations | |  1.7

Action                   || total
-------------------------++-------
Melee: Unarmed           ||    85
       Kick              ||     6
       Headbutt          ||     1
       Short sword       ||    32
       Mace              ||    28
 Cast: Beastly Appendage ||    11
  Use: Potion            ||     3
       Scroll            ||     2
 Stab: Sleeping          ||     1
Armor: Gold dragon scale ||    84
Dodge: Dodged            ||    10
Block: Large shield      ||    81

Table legend:
 A = Spawn XP
 B = Non-spawn XP
 C = Spawn XP percentage of total XP
 D = Spawn monster count
 E = Non-spawn monster count
 F = Spawn count percentage of total count
 G = Total turns spent on level
                    A         B        C        D         E        F      G
               +---------+---------+-------+---------+---------+-------+---------
         Total |       0 |      61 |   0.0 |       0 |      31 |   0.0 |   739
               +---------+---------+-------+---------+---------+-------+---------
           D:1 |       0 |      33 |   0.0 |       0 |      20 |   0.0 |   435
           D:2 |       0 |       1 |   0.0 |       0 |       1 |   0.0 |    65
           D:3 |       0 |      27 |   0.0 |       0 |      10 |   0.0 |   189
               +---------+---------+-------+---------+---------+-------+---------

Table legend:
 A = Turns spent in this place as a percentage of turns spent in the entire game.
 B = Non-inter-level travel turns spent in this place as a percentage of non-inter-level travel turns spent in the entire game.
 C = Inter-level travel turns spent in this place as a percentage of turns spent in this place.
 D = Turns resting spent in this place as a percentage of non-inter-level travel turns spent in this place.
 E = Turns spent auto-exploring this place as a percentage of non-inter-level travel turns spent in this place.
 F = Non-inter-level travel turns spent in this place divided by the number of levels of this place that you've seen.
                   A       B       C       D       E      F
               +-------+-------+-------+-------+-------+----------------------
         Total | 100.0 | 100.0 |   3.0 |   0.0 |   0.0 | 179.2
       Dungeon | 100.0 | 100.0 |   3.0 |   0.0 |   0.0 | 179.2
               +-------+-------+-------+-------+-------+----------------------

Table legend:
 A = Kills in this place as a percentage of kills in entire the game.
 B = Kills by you in this place as a percentage of kills by you in the entire game.
 C = Kills by friends in this place as a percentage of kills by friends in the entire game.
 D = Other kills in this place as a percentage of other kills in the entire game.
 E = Experience gained in this place as a percentage of experience gained in the entire game.
 F = Experience gained in this place divided by the number of levels of this place that you have seen.
                   A       B       C       D       E      F
               +-------+-------+-------+-------+-------+----------------------
         Total | 100.0 | 100.0 |   N/A |   N/A | 100.0 |  15.2
       Dungeon | 100.0 | 100.0 |   N/A |   N/A | 100.0 |  15.2
               +-------+-------+-------+-------+-------+----------------------

Vault maps used:
D:1:      saegor_arrival_simple_c
D:3:      bloody_trog
D:4:      temple_green, portal_sewer_entry_b, uniq_blork_the_orc
